 Dungeon Crawl Stone Soup version 0.30.1-11-g7821555f0a (webtiles) character file.

Game seed: 11270089854910086357

1103 PaiMei the Grave Robber (level 8, -1/61 HPs)
             Began as a Demonspawn Necromancer on Jan 7, 2024.
             Asphyxiated
             ... on level 6 of the Dungeon.
             The game lasted 00:11:35 (8240 turns).

PaiMei the Grave Robber (Demonspawn Necromancer)    Turns: 8240, Time: 00:11:36

Health: -1/61      AC:  6    Str: 14    XL:     8   Next: 11%
Magic:  15/15      EV: 13    Int: 19    God:
Gold:   228        SH:  0    Dex: 14    Spells: 8/16 levels left

rFire   . . .        I - +2 rapier (flame)
rCold   . . .        (no shield)
rNeg    + . .        a - +0 robe
rPois   .            (helmet restricted)
rElec   +            (no cloak)
rCorr   .            (no gloves)
SInv    .            (no boots)
Will    .....        (no amulet)
Stlth   ++           d - ring of positive energy
HPRegen 0.30/turn    y - +6 ring of strength
MPRegen 0.14/turn

%: no passive effects
@: lethally poisoned (-1 -> -20), slowed, very slow
A: horns 1, thin metallic scales 3, ignite blood 1, spiny 1
a: no special abilities


You were on level 6 of the Dungeon.
You visited 1 branch of the dungeon, and saw 6 of its levels.

You collected 228 gold pieces.

Inventory:

Hand Weapons
 c - a +0 sling of freezing
 l - a +0 short sword of flaming
 G - a +1 spear of flaming
 I - a +2 rapier of flaming (weapon)
Missiles
 o - 7 poisoned darts (quivered)
Armour
 a - a +0 robe (worn)
 x - a +2 ring mail of fire resistance
Jewellery
 d - a ring of positive energy (left hand)
 g - a ring of flight
 p - a ring of positive energy
 y - a +6 ring of strength (right hand)
Wands
 H - a wand of acid (9)
Scrolls
 f - 2 scrolls of noise {unknown}
 i - 14 scrolls of identify {unknown}
 m - 3 scrolls of vulnerability {unknown}
 q - 2 scrolls of teleportation {unknown}
 s - 3 scrolls of poison {unknown}
 t - a scroll of blinking {unknown}
 v - a scroll of fear {unknown}
 B - a scroll of enchant armour {unknown}
 D - 4 scrolls of magic mapping {unknown}
 E - a scroll of enchant weapon {unknown}
 F - a scroll of silence {unknown}
Potions
 b - 3 potions of magic
 e - a potion of brilliance {unknown}
 h - 2 potions of mutation {unknown}
 j - a potion of lignification {unknown}
 k - 2 potions of flight {unknown}
 n - 3 potions of heal wounds {unknown}
 r - 4 potions of curing {unknown}
 u - a potion of resistance {unknown}
 w - a potion of haste
 z - a potion of ambrosia {unknown}
 A - a potion of attraction {unknown}
 C - a potion of degeneration {unknown}


   Skills:
 + Level 4.3 Fighting
 + Level 4.6 Dodging
 - Level 2.0 Stealth
 + Level 4.7 Spellcasting
 + Level 6.9 Necromancy


You had 8 spell levels left.
You knew the following spells:

 Your Spells              Type           Power      Damage    Failure   Level
a - Necrotise             Necr           100%       1d9       1%          1
b - Vampiric Draining     Necr           30%        2d8       2%          3
c - Animate Dead          Necr           30%        N/A       8%          4

Your spell library contained the following spells:

 Spells                   Type           Power      Damage    Failure   Level
 Agony                    Necr           30%        N/A       21%         5


Dungeon Overview and Level Annotations

Branches:
Dungeon (6/15)
 Temple: D:4-7

Altars:
Gozag
Trog

Annotations:
D:4 Duvessa


Innate Abilities, Weirdness & Mutations

You have a pair of small horns on your head.
You are completely covered in thin metallic scales. (AC +4, rElec)
Your demonic aura sometimes causes spilled blood to erupt in flames.
You are partially covered in sharp spines.


Message History

The kobold brigand throws a curare-tipped dart.
The curare-tipped dart barely misses you.
There are monsters nearby!
The kobold is struck by your spines.
You kill the kobold!
The kobold closely misses you. The kobold hits you with a +0 whip.
The kobold throws a stone.
The stone closely misses you. The kobold attacks as you move away!
The kobold is struck by your spines.
You kill the kobold!
The kobold is struck by your spines.
You kill the kobold!
The kobold brigand throws a curare-tipped dart.
The curare-tipped dart hits you.
You are poisoned.
You have difficulty breathing.
You feel yourself slow down.
You feel very sick.
You feel very sick.
You feel very sick. The ogre attacks as you move away!
The ogre closely misses you.
You feel sick. The ogre attacks as you move away!
The ogre is struck by your spines. The ogre barely misses you.
You feel sick.
You feel sick.
You feel sick.
You are no longer poisoned.
The ogre hits you with a +0 giant club. The ogre attacks as you move away!
The ogre hits you with a +0 giant club!!
* * * LOW HITPOINT WARNING * * *
The kobold brigand attacks as you move away!
The kobold brigand is struck by your spines.
The kobold brigand hits you with a +0 club.
* * * LOW HITPOINT WARNING * * *
Casting: Necrotise (safe; 1% risk of failure)
Confirm with . or Enter, or press ? or * to list all spells.
You can't see any susceptible monsters within range! (Use Z to cast anyway.)
The kobold brigand throws a curare-tipped dart.
The curare-tipped dart hits you.
You are lethally poisoned!
You have difficulty breathing.
You die...

#.#### #..... #.#### #.# #######
##### #.# ......# #...# #.#
......### ##### #####...####.#
........###.KK###............####
...).).......O°.@................
###...).#....K###............#.##
#.....#...###............#.....
#.....#...# #.#......#....##.##
K...........###.####...#....<....
........###.....# ##...#.....####
.........##.....# #..............
..........#.....# #..........####
................# #.....####.#


You could see a kobold brigand, an ogre and 2 kobolds.

Vanquished Creatures
  Eustachio (D:5)
  An ice beast (D:6)
  A sky beast (D:6)
  Blork the orc (D:5)
  Dowan (D:4)
  5 hounds (D:5)
  An orc priest (D:5)
  2 iguanas
  An orc wizard (D:5)
  Natasha (thrice) (D:4)
  A mummy (D:4)
  7 gnolls
  9 adders
  A shadow imp (D:5)
  A white imp (D:5)
  An ufetubus (D:5)
  14 orcs
  11 ball pythons
  4 bats
  5 endoplasms
  11 giant cockroaches
  6 hobgoblins
  11 jackals
  3 quokkas
  3 frilled lizards
  7 goblins
  A hobgoblin zombie (D:4)
  10 kobolds
  3 kobold zombies (D:4)
  4 rats
130 creatures vanquished.

Vanquished Creatures (collateral kills)
  Terence (D:2)
  A dart slug (D:1)
  An orc (D:5)
  A hobgoblin (D:1)
  A jackal (D:1)
5 creatures vanquished.

Grand Total: 135 creatures vanquished

Notes
Turn   | Place    | Note
-------+----------+-------------------------------------------
     0 | D:1      | PaiMei the Demonspawn Necromancer began the quest for the
                  | Orb.
     0 | D:1      | Reached XP level 1. HP: 13/13 MP: 3/3
    83 | D:1      | Gained mutation: Your demonic aura sometimes causes spilled
                  | blood to erupt in flames. [demonic ancestry]
    83 | D:1      | Reached XP level 2. HP: 19/19 MP: 5/5
   541 | D:1      | Gained mutation: You have a pair of small horns on your
                  | head. [demonic ancestry]
   541 | D:1      | Reached XP level 3. HP: 25/25 MP: 3/6
   545 | D:1      | Learned a level 3 spell: Vampiric Draining
   825 | D:1      | Reached skill level 1 in Fighting
  1797 | D:2      | Noticed Terence
  1817 | D:2      | Killed Terence
  1818 | D:2      | Reached skill level 5 in Necromancy
  1818 | D:2      | Gained mutation: You are partially covered in sharp spines.
                  | [demonic ancestry]
  1818 | D:2      | Reached XP level 4. HP: 27/32 MP: 0/8
  2712 | D:2      | Gained mutation: You are partially covered in thin metallic
                  | scales. (AC +2) [demonic ancestry]
  2712 | D:2      | Reached XP level 5. HP: 38/38 MP: 6/9
  3329 | D:2      | Learned a level 4 spell: Animate Dead
  3797 | D:3      | Found a bloodstained altar of Trog.
  4049 | D:3      | Found an opulent altar of Gozag.
  5046 | D:4      | Noticed Natasha
  5052 | D:4      | Killed Natasha
  5053 | D:4      | Reached XP level 6. HP: 42/46 MP: 4/11
  5233 | D:4      | Noticed Dowan
  5245 | D:4      | Killed Dowan
  5367 | D:4      | Noticed Duvessa
  5418 | D:5      | Entered Level 5 of the Dungeon
  5621 | D:5      | Noticed Eustachio
  5947 | D:5      | Reached skill level 6 in Necromancy
  6066 | D:5      | Gained mutation: You are mostly covered in thin metallic
                  | scales. (AC +3) [demonic ancestry]
  6066 | D:5      | Reached XP level 7. HP: 52/52 MP: 5/12
  6487 | D:5      | Noticed Blork the orc
  6500 | D:5      | Killed Blork the orc
  7158 | D:5      | Killed Eustachio
  7304 | D:4      | Noticed Natasha
  7310 | D:4      | Killed Natasha
  7615 | D:4      | Noticed Natasha
  7621 | D:4      | Killed Natasha
  7905 | D:6      | Gained mutation: You are completely covered in thin
                  | metallic scales. (AC +4, rElec) [demonic ancestry]
  7905 | D:6      | Reached XP level 8. HP: 48/60 MP: 3/14
  8240 | D:6      | Asphyxiated

Illustrated notes

Levels and vault maps discovered:
D:1:      minmay_arrival_shoal_huts, layout_basic
D:2:      layout_loops_cross, roderic_lattice_a, chequers_arboretum,
          grunt_ministairs_12, minmay_snake_closets, uniq_terence
D:3:      layout_basic, mainiacjoe_overflow_catwalk, lightli_temple_of_fire
D:4:      layout_basic, minmay_misc_feat_iff, minmay_misc_feat_square,
          minmay_mini_ossuary, uniq_natasha, uniq_duvessa
D:5:      layout_cave_pods, uniq_blork_the_orc, uniq_eustachio
D:6:      kennysheep_steamy, layout_basic,
          hellmonk_okawaru_the_only_friend_you_need, enter_ossuary_5,
          abandoned_shop

Skill      XL: |  1  2  3  4  5  6  7 |
---------------+----------------------+-----
Stealth        | 2 |  2.0
Dodging        | 2 3 4 |  4.6
Fighting       | 1 2 3 4 |  4.3
Necromancy     | 5 6 |  6.9
Spellcasting   | 3 4 |  4.7

Action                     |  1- 3 |  4- 6 |  7- 9 || total
---------------------------+-------+-------+-------++-------
  Melee: Short sword       |     1 |    35 |       ||    36
         Headbutt          |       |     4 |     1 ||     5
         Punch             |       |     1 |       ||     1
         Spear             |       |       |    13 ||    13
         Rapier            |       |       |     4 ||     4
   Fire: Sling             |    12 |       |       ||    12
   Cast: Necrotise         |    66 |   107 |    37 ||   210
         Vampiric Draining |       |     8 |    16 ||    24
 Armour: Robe              |     6 |     9 |    10 ||    25
  Dodge: Dodged            |    19 |    34 |    21 ||    74
